 Dungeon Crawl Stone Soup version 0.25.1-1-g288607f5aa (webtiles) character file.

Game seed: 14536819261417235438

2587 H0rd4k the Insei (level 9, -11/55 HPs)
             Began as an Octopode Transmuter on July 20, 2020.
             Was an Initiate of Gozag.
             Mangled by an orc warrior
             ... wielding a +0 war axe
              (27 damage)
             ... in a bailey.
             The game lasted 00:17:18 (9986 turns).

H0rd4k the Insei (Octopode Transmuter)              Turns: 9986, Time: 00:17:19

Health: -11/55     AC:  1    Str: 10    XL:     9   Next: 58%
Magic:  0/17       EV: 14    Int: 18    God:    Gozag
Gold:   602        SH:  0    Dex: 12    Spells: 10/19 levels left

rFire    . . .     SeeInvis .     - Unarmed
rCold    . . .     Gourm    .   (no shield)
rNeg     . . .     Faith    .   (helmet restricted)
rPois    .         Spirit   +   s - amulet of guardian spirit
rElec    .         Reflect  .   r - ring of stealth
rCorr    .         Harm     .   (no ring)
MR       .....                  (no ring)
Stlth    ++++++....             (no ring)
HPRegen  0.18/turn              (no ring)
MPRegen  0.15/turn              (no ring)
                                (no ring)
                                (no ring)

@: gold aura
A: almost no armour, stealthy swim, amphibious, 8 rings, constrict 8, camouflage
1, gelatinous body 1
a: Potion Petition, Call Merchant, Bribe Branch, Renounce Religion


You were in a bailey.
You worshipped Gozag.
Gozag was pleased with you.
You were not hungry.

You visited 2 branches of the dungeon, and saw 9 of its levels.
You also visited: Bailey.

You collected 682 gold pieces.
You paid 80 gold pieces to Gozag.

Inventory:

Missiles
 a - 111 arrows
 j - 26 boomerangs (quivered)
Jewellery
 r - a ring of stealth (left tentacle)
 s - an amulet of guardian spirit (around mantle)
Wands
 o - a wand of flame (1)
Scrolls
 e - a scroll of magic mapping {unknown}
 i - a scroll of blinking
 k - 2 scrolls of fog
 l - 2 scrolls of teleportation {unknown}
 n - a scroll of remove curse {unknown}
 p - 2 scrolls of enchant weapon {unknown}
 q - a scroll of immolation {unknown}
Potions
 b - a potion of resistance
 d - a potion of brilliance
 f - 2 potions of ambrosia
 g - 2 potions of curing
 h - a potion of mutation {unknown}
 m - 3 potions of cancellation {unknown}
Comestibles
 c - 5 rations


   Skills:
 + Level 2.6 Fighting
 + Level 3.0 Throwing
 + Level 3.8 Dodging
 + Level 5.8 Stealth
 + Level 6.8 Unarmed Combat
 * Level 5.6 Spellcasting
 * Level 3.6 Hexes
 * Level 5.3 Transmutations
 + Level 1.2 Poison Magic
 + Level 0.9 Evocations


You had 10 spell levels left.
You knew the following spells:

 Your Spells              Type           Power        Failure   Level  Hunger
a - Beastly Appendage     Tmut           ###...       1%          1    None
b - Sticks to Snakes      Tmut           ###.....     1%          2    None
c - Spider Form           Tmut/Pois      ###.......   10%         3    ##.....
d - Confusing Touch       Hex            ###.....     9%          3    ##.....

Your spell library contained the following spells:

 Spells                   Type           Power        Failure   Level  Hunger
 Gell's Gravitas          Tloc           #.........   36%         3    ##.....
 Blade Hands              Tmut           ###.......   36%         5    #####..
 Ice Form                 Ice/Tmut       ##......     38%         4    ####...
 Petrify                  Tmut/Erth      ##......     38%         4    ####...
 Yara's Violent Unravell  Hex/Tmut       ###.......   50%         5    #####..
 Metabolic Englaciation   Hex/Ice        ##........   86%         5    #####..


Dungeon Overview and Level Annotations

Branches:
Dungeon (8/15)             Temple (1/1) D:5          Bailey (1/1)
   Lair: D:8-11

Altars:
Ashenzari
Cheibriados
Dithmenos
Elyvilon
Fedhas
Gozag
Hepliaklqana
Kikubaaqudgha
Nemelex Xobeh
Okawaru
Qazlal
Ru
Sif Muna
Trog
Uskayaw
Vehumet
Xom
Yredelemnul

Shops:
D:6 (

Annotations:
D:3 exclusion: downstairs
D:6 exclusions: 2 downstairs and sky beast


Innate Abilities, Weirdness & Mutations

You cannot wear most types of armour.
You are very stealthy in the water. (Stealth+)
You are amphibious.
You can wear up to eight rings at the same time.
You can use your tentacles to constrict eight enemies at once.
Your skin changes colour to match your surroundings (Stealth+).
Your rubbery body absorbs attacks. (AC +1, EV +1)


Message History

You constrict the orc knight, but do no damage.
You completely miss the orc knight.
You constrict the orc knight, but do no damage.
The orc knight struggles to escape constriction.
You release your grip on the orc knight.
The orc knight gestures wildly.
The orc knight falls into the water!
The orc knight drowns.
You hear a splash. x2
Your Throwing skill gained 2 levels and is now at level 3!
Unknown command.
The orc warrior barely misses you.
The orc warrior hits you from afar with a +1 demon trident of freezing!!
The orc warrior freezes you!
* * * LOW HITPOINT WARNING * * *
You barely miss the orc warrior. You grab the orc warrior.
You constrict the orc warrior.
The orc warrior hits you with a +0 war axe!!
You die...
Your body crumbles into a pile of gold.

##.∩.##
######'######
#∩...≈.≈(..∩#
#'###≈$≈###'#
#....≈.≈....#
#'###$g≈###'#
#....≈o≈...^#
#'###$o≈###'#
#....@(≈((..#
#'###≈$≈###'#
#....($≈(.(.#
#'###≈$≈###'#
#^...≈.≈.(..#
#'###≈.≈###'#
#....≈.≈....#
#'###≈.≈###(#
#....≈.≈(...#


You could see 2 orc warriors and a goblin.

Vanquished Creatures
  An orc knight (Bailey)
  Sigmund (D:3)
  A wyvern (D:8)
  2 orc warriors (Bailey)
  A phantom (D:4)
  2 centaurs
  2 ogres
  A killer bee (D:8)
  3 scorpions
  A crimson imp (D:5)
  A bullfrog zombie (D:6)
  2 jellies
  2 orc priests
  2 hounds
  A centaur skeleton (D:4)
  Jessica (D:3)
  Ijyb (D:3)
  6 orc wizards
  An iguana (D:4)
  5 worker ants
  A hound skeleton (D:4)
  A howler monkey zombie (D:5)
  A worker ant zombie (D:5)
  2 gnolls (Bailey)
  10 adders
  2 shadow imps
  3 oozes
  3 adder skeletons
  A worm (D:3)
  5 leopard geckos
  25 orcs
  2 ball pythons
  4 giant cockroaches
  11 goblins
  7 hobgoblins
  15 jackals
  3 quokkas
  9 bats
  5 frilled lizards
  2 jackal zombies
  28 kobolds
  A quokka skeleton (D:5)
  9 rats
187 creatures vanquished.

Vanquished Creatures (others)
  A goblin (D:3)
1 creature vanquished.

Grand Total: 188 creatures vanquished

Notes
Turn   | Place    | Note
-------+----------+-------------------------------------------
     0 | D:1      | H0rd4k the Octopode Transmuter began the quest for the Orb.
     0 | D:1      | Reached XP level 1. HP: 13/13 MP: 3/3
   159 | D:1      | Reached XP level 2. HP: 18/18 MP: 5/5
  1044 | D:2      | Reached skill level 1 in Stealth
  1044 | D:2      | Reached XP level 3. HP: 17/23 MP: 4/6
  1931 | D:2      | Reached XP level 4. HP: 28/28 MP: 7/7
  2353 | D:3      | Noticed Sigmund
  2366 | D:3      | Killed Sigmund
  2366 | D:3      | Reached skill level 4 in Unarmed Combat
  2366 | D:3      | Reached XP level 5. HP: 5/34 MP: 6/9
  2366 | D:3      | Reached XP level 6. HP: 6/39 MP: 6/10
  2375 | D:3      | Learned a level 2 spell: Sticks to Snakes
  2379 | D:3      | Learned a level 3 spell: Spider Form
  2636 | D:3      | Noticed Ijyb
  2637 | D:3      | Found a shattered altar of Ashenzari.
  2686 | D:3      | HP: 1/39 [bat (1)]
  3001 | D:4      | Noticed a phantom
  3181 | D:3      | Killed Ijyb
  3764 | D:3      | Noticed Jessica
  3773 | D:3      | Killed Jessica
  4434 | D:4      | Killed a phantom
  4434 | D:4      | Reached skill level 5 in Unarmed Combat
  4434 | D:4      | Reached XP level 7. HP: 26/45 MP: 11/11
  5598 | D:5      | Entered Level 5 of the Dungeon
  5628 | D:5      | Found a staircase to the Ecumenical Temple.
  5631 | D:5      | Reached XP level 8. HP: 45/50 MP: 11/13
  5636 | D:5      | Learned a level 3 spell: Confusing Touch
  5773 | D:5      | Reached skill level 5 in Stealth
  5864 | D:5      | Reached skill level 1 in Hexes
  6189 | D:5      | Reached skill level 6 in Unarmed Combat
  6546 | Temple   | Entered the Ecumenical Temple
  6610 | Temple   | Became a worshipper of Gozag Ym Sagoz the Greedy
  7950 | D:6      | Found Civofrup's Antique Weapon Shop.
  8055 | D:6      | Found a hide-covered altar of Uskayaw.
  8058 | D:6      | Found a hazy altar of Hepliaklqana.
  8061 | D:6      | Found a basalt altar of Yredelemnul.
  8064 | D:6      | Found a stormy altar of Qazlal.
  8843 | D:7      | Reached skill level 5 in Spellcasting
  8848 | D:7      | Reached XP level 9. HP: 35/55 MP: 10/16
  9048 | D:8      | Found a flagged portal.
  9061 | Bailey   | Entered a bailey
  9309 | Bailey   | Noticed an orc knight
  9837 | Bailey   | Reached skill level 1 in Poison Magic
  9876 | Bailey   | Reached skill level 5 in Transmutations
  9899 | Bailey   | Reached skill level 1 in Throwing
  9982 | Bailey   | Killed an orc knight
  9986 | Bailey   | Mangled by an orc warrior

Illustrated notes

Levels and vault maps discovered:
D:1:      sevenhm_arrival_forest_fort_small_6, layout_basic,
          minmay_shallow_snake_nest
D:2:      layout_basic
D:3:      layout_loops_cross, first_ration, cheibrodos_ashenzari_chains,
          uniq_ijyb, uniq_sigmund, uniq_jessica
D:4:      layout_gridville, chequers_arboretum, corexii_corridor_pit,
          chequers_serial_rivers_micro_a
D:5:      minmay_octagon_keep, layout_basic, temple_fountains
D:6:      layout_basic, grunt_temple_overflow_cloverleaf, serial_shops,
          nicolae_shop_behind_doors
D:7:      layout_loops_ring
D:8:      layout_loops_corners, david_lair_shrubbed, basic_altar, enter_bailey_3
Temple:   eino_temple_rhombus
Bailey:   bailey_axe_1, bailey

Skill      XL: |  1  2  3  4  5  6  7  8  9 |
---------------+----------------------------+-----
Stealth        | 1 2 3 4 5 |  5.8
Unarmed Combat | 4 5 6 |  6.8
Transmutations | 3 4 5 |  5.3
Spellcasting   | 3 5 |  5.6
Fighting       | 2 |  2.6
Dodging        | 3 |  3.8
Hexes          | 2 3 |  3.6
Poison Magic   | 1 |  1.2
Throwing       | 3 |  3.0
Evocations     | |  0.9

Action                   |  1- 3 |  4- 6 |  7- 9 || total
-------------------------+-------+-------+-------++-------
Melee: Unarmed           |    88 |   115 |   269 ||   472
       Constrict         |    27 |    20 |    59 ||   106
       Punch             |     3 |       |    15 ||    18
       Tentacles         |    13 |    15 |    50 ||    78
       Kick              |     2 |    17 |    49 ||    68
Throw: Boomerang         |       |       |    57 ||    57
       Dart              |       |       |    20 ||    20
 Cast: Beastly Appendage |     2 |    12 |    34 ||    48
       Spider Form       |       |       |     7 ||     7
       Confusing Touch   |       |       |     3 ||     3
Evoke: Wand              |       |       |    14 ||    14
  Use: Potion            |     4 |     1 |     2 ||     7
       Scroll            |       |       |     7 ||     7
 Stab: Sleeping          |     7 |     6 |    15 ||    28
       Distracted        |       |       |     3 ||     3
  Eat: Chunk             |     3 |     7 |     8 ||    18
       Ration            |       |       |     4 ||     4
Armor: Skin              |     9 |     5 |     6 ||    20
Dodge: Dodged            |    45 |    82 |   193 ||   320
